 Dungeon Crawl Stone Soup version 0.24-a0-292-g5c6fb1c (webtiles) character file.

Game seed: 7780460890030799466

64 theanonym the Chopper (level 3, -6/34 HPs)
             Began as a Minotaur Chaos Knight on May 10, 2019.
             Mangled by Sigmund
             ... wielding a +0 scythe
              (11 damage)
             ... on level 2 of the Dungeon.
             The game lasted 00:01:46 (1183 turns).

theanonym the Chopper (Minotaur Chaos Knight)       Turns: 1183, Time: 00:01:47

Health: -6/34      AC:  6    Str: 17    XL:     3   Next: 91%
Magic:  2/2        EV:  9    Int:  9    God:
Gold:   56         SH:  0    Dex:  9    Spells: 2/2 levels left

rFire    . . .     SeeInvis .   a - +0 hand axe (chaos)
rCold    . . .     Gourm    .   (no shield)
rNeg     . . .     Faith    .   l - +0 scale mail
rPois    .         Spirit   .   (helmet restricted)
rElec    .         Reflect  .   (no cloak)
rCorr    .         Harm     .   (no gloves)
MR       .....                  (no boots)
Stlth    ..........             (no amulet)
HPRegen  0.11/turn              (no ring)
MPRegen  0.08/turn              (no ring)

@: no status effects
A: retaliatory headbutt, horns 2
a: no special abilities


Innate Abilities, Weirdness & Mutations

You reflexively headbutt those who attack you in melee.
You have a pair of horns on your head.


   Skills:
 + Level 4.4 Fighting
 * Level 5.2 Axes
 - Level 2.4 Armour
 - Level 1.1 Dodging


You had 2 spell levels left.
You didn't know any spells.
Your spell library was empty.

Skill      XL: |  1  2  3 |
---------------+----------+-----
Axes           | 4 5 |  5.2
Fighting       | 4 |  4.4
Armour         | |  2.4
Dodging        | |  1.1

Action                   || total
-------------------------++-------
Melee: Hand axe          ||   116
       Headbutt          ||    13
Invok: Renounce Religion ||     1
  Use: Scroll            ||     1
       Potion            ||     1
  Eat: Chunk             ||     1
Armor: Leather armour    ||    10
       Ring mail         ||    14
       Scale mail        ||    38
Dodge: Dodged            ||    66

Inventory:

Hand Weapons
 a - a +0 hand axe of chaos (weapon)
Armour
 b - a +2 leather armour
 h - a +0 ring mail
 l - a +0 scale mail (worn)
Scrolls
 g - a scroll of teleportation {unknown}
 i - a scroll of remove curse {unknown}
 j - a scroll of blinking {unknown}
 r - a scroll of identify
 y - a scroll of magic mapping
Comestibles
 c - 2 chunks of flesh
 e - 2 rations


You were on level 2 of the Dungeon.
You were not hungry.

You visited 1 branch of the dungeon, and saw 2 of its levels.

You collected 56 gold pieces.

Dungeon Overview and Level Annotations

Branches:
Dungeon (2/15)

Altars:

Annotations:
D:2 Sigmund

#########.
#.........
#.########
#.# #.#
############
#@#
#...........
#.#
#.##########
#.#
#.######...#
#.#
#.##...#.#..
#.#
#.##..##.###
#.#
#.##.....#
#.#
#.##.#####
#.# #.##.#
#รท# #.##.#


There were no monsters in sight!

Notes
Turn   | Place    | Note
-------+----------+-------------------------------------------
     0 | D:1      | theanonym the Minotaur Chaos Knight began the quest for the
                  | Orb.
     0 | D:1      | Reached XP level 1. HP: 19/19 MP: 0/0
     0 | D:1      | Fell from the grace of Xom
     1 | D:1      | theanonym: !lg . mick win
     1 | D:1      | beem: No games for theanonym (mick win).
    73 | D:1      | Reached skill level 4 in Axes
    95 | D:1      | XOM: 6-stop teleportation journey
   106 | D:1      | XOM: noise
   112 | D:1      | Reached XP level 2. HP: 25/27 MP: 1/1
   215 | D:1      | Reached skill level 4 in Fighting
   418 | D:1      | Reached XP level 3. HP: 22/33 MP: 2/2
   766 | D:2      | Reached skill level 5 in Axes
   770 | D:2      | HP: 14/33 [something (3)]
   780 | D:2      | HP: 9/34 [kobold (2)]
   785 | D:2      | HP: 8/34 [kobold (1)]
  1014 | D:2      | XOM: summons 1 hostile demon
  1167 | D:2      | Noticed Sigmund
  1176 | D:2      | HP: 12/34 [something (8)]
  1179 | D:2      | HP: 4/34 [something (6)]
  1183 | D:2      | Mangled by Sigmund

Vanquished Creatures
  2 adders (D:2)
  3 dart slugs (D:1)
  3 leopard geckos
  2 giant cockroaches
  2 goblins (D:1)
  3 hobgoblins (D:1)
  3 jackals (D:2)
  5 kobolds
  7 bats
  A frilled lizard (D:2)
  5 rats
36 creatures vanquished.

Table legend:
 A = Turns spent in this place as a percentage of turns spent in the entire game.
 B = Non-inter-level travel turns spent in this place as a percentage of non-inter-level travel turns spent in the entire game.
 C = Inter-level travel turns spent in this place as a percentage of turns spent in this place.
 D = Turns resting spent in this place as a percentage of non-inter-level travel turns spent in this place.
 E = Turns spent auto-exploring this place as a percentage of non-inter-level travel turns spent in this place.
 F = Non-inter-level travel turns spent in this place divided by the number of levels of this place that you've seen.
                   A       B       C       D       E      F
               +-------+-------+-------+-------+-------+----------------------
         Total | 100.0 | 100.0 |   6.2 |  18.1 |  58.6 | 555.0
       Dungeon | 100.0 | 100.0 |   6.2 |  18.1 |  58.6 | 555.0
               +-------+-------+-------+-------+-------+----------------------
